Map: Lost and Found LE

Players

Serral - Winner!

  • Race: Zerg Zerg
  • League: Master
  • Spawn Location: 1:00

LiquidTaeJa (TaeJa)

  • Race: Terran Terran
  • League: Diamond
  • Spawn Location: 7:00

Event: HomeStory Cup XVIII

VOD

Have the link to the VOD?

Description

Time

  • Played on: Nov. 24, 2018, 10:16 a.m.
  • Length: 19:45

All games in this series

Show
View Real Time Build Order
Export as new Build Order

Serral Zerg - Winner!

Build Orders: Hatch First, Brood Lord Corruptor 

Get SALT Encoding   

  12  0:00  Drone  
  13  0:13  Overlord  
  13  0:16  Drone  
  14  0:31  Drone x2  
  16  0:47  Hatchery  
  15  0:51  Drone  
  15  0:55  Drone  
  17  0:58  Drone  
  18  1:09  Extractor  
  17  1:13  Spawning Pool  
  17  1:17  Drone  
  17  1:20  Drone  
  18  1:28  Drone  
  19  1:39  Drone  
  20  1:50  Drone  
  21  1:59  Queen  
  21  2:00  Queen, Zergling x2  
  21  2:01  Zergling x2  
  27  2:14  Hatchery  
  26  2:18  Overlord  
  26  2:21  Drone  
  27  2:24  Drone  
  28  2:30  Metabolic Boost  
  28  2:37  Drone  
  28  2:38  Drone  
  28  2:42  Drone  
  31  2:44  Queen  
  31  2:49  Overlord  
  33  2:53  Drone  
  33  2:54  Drone  
  33  2:58  Drone  
  36  3:09  Drone x2  
  36  3:11  Overlord  
  38  3:13  Drone x2  
  38  3:14  Drone  
  41  3:20  Queen, Drone  
  41  3:26  Queen  
  46  3:28  Drone  
  46  3:30  Overlord  
  46  3:32  Drone  
  48  3:35  Zergling x2  
  48  3:38  Drone  
  50  3:43  Overlord, Zergling x2  
  50  3:45  Drone x2  
  50  3:47  Drone  
  54  3:50  Drone  
  54  3:53  Zergling x2  
  54  3:54  Drone x2  
  54  3:55  Drone  
  59  3:58  Overlord  
  59  4:02  Queen  
  59  4:06  Queen  
  59  4:09  Overlord  
  63  4:13  Zergling x4  
  63  4:15  Zergling x2  
  67  4:17  Drone x2  
  67  4:20  Zergling x2  
  67  4:21  Overlord  
  67  4:22  Drone  
  71  4:24  Drone  
  71  4:28  Drone x2  
  73  4:32  Drone  
  73  4:33  Drone x2  
  73  4:34  Drone, Spore Crawler  
  73  4:35  Drone x2  
  73  4:36  Drone  
  79  4:41  Evolution Chamber  
  79  4:43  Drone x2, Evolution Chamber  
  79  4:44  Drone  
  80  4:49  Extractor, Drone x2  
  80  4:50  Extractor  
  80  4:52  Drone  
  81  4:53  Spore Crawler  
  81  4:54  Drone  
  81  4:57  Overlord  
  81  4:58  Extractor, Drone  
  81  5:03  Lair  
  81  5:07  Zergling x4  
  81  5:10  Zerg Melee Weapons Level 1  
  81  5:13  Drone x4  
  86  5:20  Hatchery  
  86  5:21  Zergling x4  
  86  5:23  Drone x4  
  86  5:27  Drone x2  
  93  5:31  Drone  
  94  5:37  Baneling Nest  
  94  5:38  Extractor, Overlord x2  
  94  5:42  Pneumatized Carapace  
  92  5:46  Zergling x12  
  92  5:48  Overlord  
  98  5:51  Overlord  
  98  5:53  Overlord  
  98  5:58  Overlord  
  98  6:01  Zerg Ground Armor Level 1  
  98  6:03  Zergling x6  
  98  6:04  Hydralisk Den, Zergling x2  
  100  6:19  Drone x6, Centrifical Hooks  
  100  6:21  Drone x4  
  100  6:22  Zergling x8  
  114  6:25  Baneling  
  114  6:26  Baneling x7  
  114  6:29  Drone  
  114  6:31  Queen  
  117  6:35  Zergling x6, Spore Crawler  
  117  6:39  Zergling x2  
  120  6:46  Zergling x6  
  123  6:48  Muscular Augments  
  123  6:50  Drone x5  
  123  6:51  Drone  
  123  6:52  Zergling x6  
  132  6:54  Overlord  
  132  6:57  Overlord  
  132  7:01  Hydralisk x2, Baneling  
  132  7:06  Zerg Melee Weapons Level 2  
  135  7:10  Hydralisk  
  135  7:11  Hydralisk x2  
  135  7:15  Burrow  
  140  7:20  Hydralisk x4  
  140  7:21  Zergling x2  
  140  7:22  Zergling x2  
  147  7:27  Hatchery  
  147  7:29  Extractor, Drone x4  
  146  7:30  Infestation Pit  
  146  7:33  Overlord  
  145  7:40  Hydralisk x2  
  145  7:41  Zergling x10  
  154  7:45  Drone  
  154  7:46  Extractor, Drone  
  154  7:48  Drone x2  
  156  7:52  Zergling x6  
  156  7:55  Overlord x2  
  156  7:56  Zerg Ground Armor Level 2  
  157  7:59  Grooved Spines  
  157  8:00  Overlord  
  157  8:05  Overlord  
  157  8:06  Zergling x18  
  157  8:10  Overlord  
  165  8:18  Hive  
  165  8:20  Spire, Drone x2  
  165  8:21  Extractor, Drone x3  
  165  8:24  Hydralisk x2  
  165  8:25  Zergling x4  
  174  8:29  Baneling x7  
  174  8:32  Zergling x18  
  183  8:36  Drone x2  
  183  8:37  Drone x2  
  178  8:51  Zergling x2  
  178  8:52  Zergling x16  
  187  8:57  Queen  
  187  8:58  Drone x3  
  187  9:00  Spore Crawler  
  191  9:06  Zergling x22  
  192  9:10  Baneling x4  
  182  9:17  Zergling x16  
  180  9:25  Overseer x2  
  180  9:27  Zergling x16  
  188  9:33  Baneling x18  
  188  9:34  Baneling x7  
  182  9:38  Zergling x2  
  182  9:39  Zergling x20  
  182  9:45  Zergling x4  
  178  9:48  Zergling x2  
  178  9:49  Zergling x4  
  178  9:52  Greater Spire  
  177  9:56  Drone x2  
  177  9:57  Zergling x4  
  181  10:00  Zerg Melee Weapons Level 3  
  181  10:01  Adrenal Glands  
  181  10:10  Viper x3  
  181  10:11  Baneling  
  181  10:12  Zergling x6, Baneling x2  
  181  10:14  Extractor  
  182  10:19  Drone  
  182  10:20  Drone x2, Zergling x4, Baneling x2  
  187  10:27  Zergling x4  
  187  10:28  Zergling x22  
  200  10:34  Hatchery  
  199  10:38  Zerg Ground Armor Level 3  
  199  10:43  Baneling  
  199  10:48  Drone x4  
  198  10:58  Zergling x4  
  200  11:08  Baneling x10  
  199  11:13  Extractor  
  199  11:18  Corruptor  
  199  11:24  Hatchery  
  198  11:29  Corruptor x4  
  198  11:31  Baneling x5  
  198  11:32  Baneling x11  
  198  11:39  Spore Crawler  
  196  11:40  Zerg Flyer Weapons Level 1  
  196  11:42  Corruptor  
  198  12:06  Brood Lord  
  198  12:07  Brood Lord  
  198  12:08  Brood Lord x2  
  200  12:09  Brood Lord  
  200  12:11  Zergling x2  
  200  12:19  Unknown  
  200  12:21  Corruptor x2, Brood Lord  
  200  12:29  Overlord  
  197  12:36  Zergling x4  
  199  12:37  Hatchery  
  198  12:44  Overseer  
  198  12:45  Overlord  
  198  12:46  Overlord  
  197  12:52  Zerg Missile Weapons Level 1, Brood Lord  
  199  13:17  Extractor, Brood Lord  
  199  13:18  Extractor  
  196  13:32  Corruptor x2  
  195  13:57  Zergling x10  
  200  14:02  Ultralisk Cavern  
  200  14:07  Overseer  
  196  14:20  Zergling x16  
  193  14:26  Zergling x14  
  194  14:36  Brood Lord x2  
  194  14:37  Baneling  
  194  14:38  Baneling  
  196  14:43  Baneling x6  
  194  14:45  Corruptor x2  
  194  14:52  Zergling x26  
  200  14:58  Zergling x12  
  195  15:00  Zergling x10  
  195  15:01  Chitinous Plating  
  195  15:02  Zerg Flyer Weapons Level 2  
  195  15:03  Overseer  
  195  15:20  Brood Lord x2  
  190  15:23  Overseer x4  
  185  15:35  Unknown x2  
  176  15:37  Zergling x54  
  185  15:43  Ultralisk x2  
  185  15:44  Zergling x14  
  197  15:50  Baneling x3  
  197  15:51  Baneling x15  
  197  15:58  Baneling x14  
  190  16:12  Corruptor x8  
  190  16:13  Corruptor x3  
  190  16:17  Unknown  
  195  16:20  Anabolic Synthesis  
  187  16:27  Corruptor x3  
  187  16:30  Zergling x2, Ultralisk  
  187  16:31  Zergling x6  
  188  16:43  Unknown  
  180  16:55  Zergling x2  
  180  16:56  Zergling x38  
  200  17:03  Spore Crawler  
  200  17:04  Spore Crawler x3  
  200  17:06  Drone x4  
  200  17:07  Spore Crawler  
  200  17:08  Spore Crawler x3  
  196  17:13  Zergling x2  
  196  17:14  Zergling x22  
  196  17:18  Zerg Flyer Armor Level 1, Zergling x6, Ultralisk  
  191  17:23  Zergling x2  
  191  17:29  Baneling x20  
  185  17:31  Zergling x2  
  185  17:32  Zergling x12  
  193  17:37  Zergling x4  
  193  17:39  Baneling x7  
  194  17:45  Zergling x10  
  194  17:46  Overseer  
  193  18:02  Zergling x22  
  187  18:09  Zergling x10  
  179  18:16  Zergling x8  
  172  18:21  Ultralisk x2  
  172  18:24  Queen  
  172  18:25  Queen x2  
  188  18:32  Ultralisk x2  
  188  18:34  Hatchery  
  185  18:44  Baneling x12  
  185  18:49  Overlord x2  
  185  18:50  Drone x2  
  185  18:51  Drone  
  188  18:59  Baneling x5  
  188  19:01  Zergling x2, Ultralisk  
  195  19:05  Overlord, Hatchery  
  195  19:06  Overlord  
  187  19:12  Zergling x16  
  187  19:13  Zergling x14  
  191  19:19  Zergling x4  
  192  19:27  Zergling x8  
Show
View Real Time Build Order
Export as new Build Order

LiquidTaeJa Terran 

Build Orders: Reaper Expand 

Get SALT Encoding   

  12  0:00  SCV  
  13  0:12  SCV  
  14  0:16  Supply Depot  
  14  0:25  SCV  
  15  0:38  SCV  
  15  0:40  Barracks  
  16  0:43  Refinery  
  16  0:50  SCV  
  17  1:02  SCV  
  18  1:14  SCV  
  19  1:27  Reaper, Orbital Command  
  20  1:38  Command Center  
  20  1:48  Supply Depot  
  20  1:52  SCV  
  21  1:59  Marine  
  22  2:04  SCV  
  22  2:06  Factory  
  23  2:16  SCV  
  23  2:21  Barracks Reactor  
  24  2:28  SCV  
  25  2:36  Command Center  
  25  2:40  SCV  
  25  2:42  Refinery  
  26  2:49  Orbital Command  
  26  2:53  SCV  
  27  2:58  Starport  
  27  3:05  SCV  
  28  3:11  Hellion  
  32  3:13  Hellion  
  32  3:15  SCV  
  32  3:18  SCV  
  32  3:19  Barracks Tech Lab  
  34  3:27  SCV  
  34  3:30  SCV  
  34  3:32  Hellion  
  40  3:34  Hellion  
  40  3:41  SCV  
  41  3:42  SCV  
  41  3:45  Raven  
  44  3:48  Orbital Command  
  44  3:51  Supply Depot  
  44  3:53  SCV, Barracks Tech Lab  
  44  3:54  SCV  
  46  4:01  Hellion x2  
  50  4:05  SCV  
  50  4:06  SCV  
  52  4:11  Marine  
  52  4:12  Stimpack  
  52  4:14  SCV  
  54  4:17  SCV  
  54  4:18  SCV  
  56  4:24  Engineering Bay  
  56  4:25  Engineering Bay  
  56  4:26  SCV  
  56  4:29  SCV  
  58  4:33  Barracks  
  58  4:36  SCV  
  58  4:38  Barracks, SCV  
  60  4:40  Starport Reactor  
  60  4:42  Siege Tank  
  60  4:43  SCV  
  64  4:48  SCV  
  64  4:50  Supply Depot, Orbital Command  
  66  4:53  Refinery  
  66  4:55  Marine, Refinery, SCV  
  67  5:02  Barracks  
  67  5:03  Barracks  
  67  5:04  SCV  
  68  5:07  SCV  
  68  5:12  Marine  
  70  5:14  Terran Infantry Weapons Level 1  
  70  5:17  Terran Infantry Armor Level 1, SCV  
  70  5:19  SCV  
  72  5:22  Marine x2  
  72  5:24  SCV  
  72  5:28  Starport Reactor  
  75  5:29  SCV  
  75  5:31  SCV  
  77  5:44  Supply Depot x2  
  77  5:45  Supply Depot x3  
  77  5:51  Barracks Reactor x2  
  77  6:05  Marine x5, Medivac x2, SCV x3  
  77  6:06  Armory  
  89  6:12  Supply Depot  
  89  6:14  Supply Depot  
  89  6:15  Combat Shield  
  89  6:16  Refinery  
  89  6:17  SCV x3  
  92  6:23  Marine x2  
  92  6:24  Marine x3  
  92  6:25  Factory  
  97  6:29  SCV x3  
  97  6:31  Marine x2, Command Center  
  97  6:32  Marine  
  103  6:33  Marine  
  103  6:34  Factory Reactor  
  104  6:40  Marine x2  
  104  6:41  SCV  
  104  6:42  Medivac x2  
  104  6:45  SCV  
  112  6:47  Marine  
  112  6:48  Marine x2  
  112  6:49  Supply Depot  
  112  6:52  Marine  
  112  6:53  Marine x2  
  118  6:56  SCV x2  
  118  6:59  Marine x3  
  123  7:05  Marine  
  123  7:06  Marine x2  
  126  7:10  Marine  
  126  7:11  Marine x2  
  127  7:16  Widow Mine x2  
  127  7:21  Terran Infantry Armor Level 2, Terran Infantry Weapons Level 2  
  123  7:23  Terran Vehicle And Ship Armor Level 1  
  123  7:24  SCV  
  123  7:25  Marine, SCV x2  
  123  7:26  Marine x4  
  131  7:33  Widow Mine  
  131  7:35  Drilling Claws  
  135  7:37  Widow Mine  
  135  7:39  Marine x2  
  135  7:40  Supply Depot  
  135  7:41  Supply Depot  
  135  7:43  Supply Depot  
  137  7:48  Marine x7  
  144  7:53  Widow Mine  
  144  7:54  Widow Mine  
  144  7:57  Marine  
  149  7:59  Marine  
  149  8:03  SCV x3  
  153  8:06  Marine x5  
  153  8:07  Marauder  
  153  8:09  Medivac x2  
  153  8:10  Supply Depot  
  164  8:15  Widow Mine  
  164  8:17  Planetary Fortress  
  164  8:18  Marine  
  164  8:19  Marine x2  
  169  8:24  Marine x2  
  169  8:26  Widow Mine x2  
  174  8:28  Marauder  
  174  8:32  Supply Depot, SCV x3  
  179  8:34  Supply Depot  
  179  8:37  Marine x2  
  179  8:38  Marine x3  
  184  8:44  SCV  
  184  8:48  Marine x3  
  176  8:49  Marine  
  176  8:53  SCV x2  
  176  8:55  Marine x3  
  178  8:56  Widow Mine x2, SCV  
  178  9:00  Barracks x2  
  178  9:01  Barracks  
  186  9:05  Marine x2  
  186  9:07  Marine x3, Marauder  
  192  9:16  Marine x3  
  195  9:21  Terran Vehicle And Ship Armor Level 2  
  195  9:25  Supply Depot  
  195  9:26  Supply Depot  
  195  9:38  Marine, Terran Infantry Armor Level 3, Terran Infantry Weapons Level 3  
  186  9:42  Medivac x2  
  180  9:47  Marine x2  
  180  9:48  Marauder, Marine x2  
  178  9:54  Widow Mine x2  
  178  9:55  Widow Mine, Barracks Tech Lab  
  178  9:56  Marine x2, Barracks Tech Lab x2  
  186  10:00  Ghost Academy  
  186  10:01  Sensor Tower  
  186  10:02  Marine x2  
  186  10:09  Marauder, Marine x2  
  190  10:17  Marauder x3  
  196  10:22  Command Center  
  196  10:23  Command Center  
  196  10:31  Personal Cloaking  
  196  10:33  Starport  
  196  10:35  Starport  
  196  10:36  Barracks  
  196  10:38  Barracks  
  196  10:48  Ghost x2  
  200  10:55  Widow Mine  
  200  10:56  Widow Mine  
  199  11:08  Unknown  
  199  11:11  Concussive Shells, Starport Tech Lab  
  199  11:15  Unknown  
  199  11:25  Command Center, Sensor Tower  
  199  11:31  Ghost  
  191  11:33  Starport Reactor  
  187  11:47  Ghost x3  
  187  11:53  Orbital Command  
  191  11:59  Ghost  
  191  12:01  Refinery  
  193  12:05  Refinery  
  189  12:12  Barracks Tech Lab x2  
  185  12:16  Ghost x2  
  185  12:21  Widow Mine x3  
  173  12:34  Planetary Fortress  
  173  12:36  Marine x6  
  179  12:38  Marauder x3  
  179  12:39  Marauder  
  179  12:42  Orbital Command  
  187  12:45  Marauder  
  188  12:52  Ghost  
  185  12:58  Ghost, Refinery  
  185  12:59  Marauder, Refinery  
  185  13:03  Missile Turret  
  189  13:05  Missile Turret  
  189  13:07  Marine x2  
  189  13:08  Marine x2  
  191  13:20  Widow Mine x3  
  194  13:30  Command Center  
  194  13:31  Ghost x2  
  194  13:33  Ghost  
  198  13:36  Terran Vehicle And Ship Armor Level 3  
  198  13:41  Liberator x2  
  190  13:43  Unknown x6  
  190  13:49  Medivac x2  
  190  13:54  Liberator  
  197  14:08  Hi-Sec Auto Tracking  
  197  14:09  Neosteel Armor  
  195  14:15  Nuke  
  188  14:18  Liberator x2  
  163  14:31  Marauder  
  163  14:35  Widow Mine x3  
  159  14:44  Marine, Liberator x2  
  159  14:45  Marine x3, Marauder  
  159  14:59  Marine x4, Liberator  
  139  15:00  Marine, Marauder  
  139  15:01  Marauder x2  
  151  15:09  Marine x3, Marauder x2  
  151  15:11  Widow Mine x2  
  151  15:12  Widow Mine  
  162  15:14  Marine  
  162  15:17  Marine  
  167  15:22  Marine, Marauder x2  
  167  15:28  Marine x2, Liberator x2  
  173  15:31  Marine x2  
  172  15:40  Marine x2  
  172  15:41  Marauder x2, Marine x4  
  161  15:44  Marauder x2  
  161  15:45  Marine x2  
  161  15:49  Marine x2  
  171  15:50  Liberator  
  171  15:51  Liberator  
  171  15:58  Marine x2, Command Center  
  171  15:59  Marine x3, Marauder  
  171  16:00  Command Center  
  178  16:04  Marine x2  
  178  16:05  Marauder x2, Marine  
  179  16:14  Liberator x2  
  179  16:15  Terran Ship Weapons Level 1  
  164  16:20  Marine  
  164  16:21  Marauder x2  
  164  16:22  Marine x2, Marauder  
  148  16:27  Marine  
  148  16:28  Marine x2  
  154  16:33  Marine  
  154  16:38  Marine x2, Marauder  
  154  16:39  Marauder x2, Medivac  
  165  16:43  Liberator  
  162  16:50  Marine x2, Medivac  
  163  16:55  Marauder x2  
  163  17:01  Marine x2, Marauder x2  
  163  17:02  Marine x3, Marauder x2  
  144  17:16  Marine, Marauder x2  
  144  17:20  Marine x3  
  144  17:21  Marine x2  
  144  17:22  Widow Mine x3  
  130  17:23  Marauder x2  
  130  17:26  Marine x3  
  130  17:28  Marine  
  130  17:29  Viking x2  
  134  17:30  Raven  
  134  17:34  Marine  
  137  17:37  Marine, Orbital Command  
  137  17:43  Widow Mine  
  140  17:48  Marauder  
  142  17:51  Marine x3  
  142  17:52  Marine x2  
  109  18:14  Marauder x2, Unknown x15  
  109  18:15  Marine x4, Marauder x2  
  104  18:22  Marine x2  
  104  18:24  Marauder x2  
  96  18:30  Marine x2  
  90  18:34  Marine  
  90  18:35  Marine x3  
  90  18:36  Marauder x2  
  98  18:44  Marine x2  
  98  18:45  Marauder  
  98  18:47  Ghost  
  98  18:48  Ghost, Marauder  
  89  18:52  Marine x2  
  91  18:57  Raven  
  93  19:04  Marauder  
  93  19:05  Orbital Command  
  74  19:17  Marine  
  74  19:18  Marine x3, Marauder x2  
  74  19:21  Marine  
  83  19:24  Unknown x3  
  83  19:30  Unknown x2  
  77  19:38  Unknown  
Tags
 
Add a new tag
Caveats
  • Supply blocks, unpowered buildings, or Contaminate may cause inaccurate times.
  • Supply counts are checked every 10 seconds.